 Dungeon Crawl Stone Soup version 0.25-a0-346-g140ab784a8 (webtiles) character file.

Game seed: 16444130941358326188, levelgen mode: deterministic

343 AIAndy the Firebug (level 6, -9/32 HPs)
             Began as a Deep Elf Fire Elementalist on Dec 31, 2019.
             Killed by divine providence
             ... invoked by an orc priest
              (15 damage)
             ... on level 4 of the Dungeon.
             The game lasted 00:25:01 (2777 turns).

AIAndy the Firebug (Deep Elf Fire Elementalist)     Turns: 2777, Time: 00:25:02

Health: -9/32      AC:  4    Str:  9    XL:     6   Next: 31%
Magic:  14/15      EV: 13    Int: 21    God:
Gold:   29         SH:  0    Dex: 15    Spells: 2/15 levels left

rFire    . . .     SeeInvis .   m - +0 hunting sling
rCold    . . .     Gourm    .   (no shield)
rNeg     . . .     Faith    .   a - +0 robe
rPois    .         Spirit   .   (no helmet)
rElec    .         Reflect  .   (no cloak)
rCorr    .         Harm     .   q - +0 pair of gloves
MR       .....                  g - +0 pair of boots
Stlth    ++........             y - amulet of magic regeneration
HPRegen  0.10/turn              L - ring of flight
MPRegen  0.39/turn              S - +3 ring of strength

@: no status effects
A: no striking features
a: Evoke Flight


You were on level 4 of the Dungeon.
You were not hungry.

You visited 1 branch of the dungeon, and saw 4 of its levels.

You collected 178 gold pieces.
You spent 149 gold pieces at shops.


   Skills:
 - Level 2.4 Dodging
 - Level 2.4 Stealth
 - Level 5.0 Spellcasting
 + Level 4.4 Conjurations
 + Level 5.4 Fire Magic


You had 2 spell levels left.
You knew the following spells:

 Your Spells              Type           Power        Failure   Level  Hunger
c - Conjure Flame         Conj/Fire      ####....     4%          3    ##.....
f - Fireball              Conj/Fire      ####......   36%         5    #####..
y - Sticky Flame          Conj/Fire      ####....     14%         4    ####...
X - Foxfire               Conj/Fire      ####         1%          1    None

Your spell library contained the following spells:

 Spells                   Type           Power        Failure   Level  Hunger
 Inner Flame              Hex/Fire       ###.....     11%         3    ##.....

Inventory:

Hand Weapons
 d - a +0 whip
 m - a +0 hunting sling (weapon)
 n - a cursed +0 short sword
Missiles
 e - 142 stones (quivered)
Armour
 a - a +0 robe (worn)
 g - a +0 pair of boots (worn)
 q - a +0 pair of gloves (worn)
Jewellery
 y - an amulet of magic regeneration (around neck)
 L - a ring of flight (left hand)
 S - a +3 ring of strength (right hand)
Wands
 s - a wand of disintegration (15)
Scrolls
 b - 2 scrolls of fear {unknown}
 i - 2 scrolls of enchant armour {unknown}
 l - a scroll of blinking {unknown}
 o - 2 scrolls of identify {@r1}
 p - a scroll of immolation {unknown}
 u - 2 scrolls of remove curse {unknown}
 v - a scroll of amnesia
 w - a scroll of fog
 x - a scroll of teleportation {@r4}
Potions
 f - a potion of haste {unknown}
 h - 2 potions of curing {unknown}
 j - 2 potions of heal wounds {unknown}
 k - a potion of ambrosia {unknown}
 t - a potion of resistance {unknown}
Comestibles
 c - 4 rations {@e1}
 r - 4 chunks of flesh

Dungeon Overview and Level Annotations

Branches:
Dungeon (4/15)
 Temple: D:4-7

Altars:

Shops:
D:4 ?

Annotations:
D:2 Sigmund
D:3 Terence

#....(.....#......
#.#.#####.........
#.#.....)....#....
#.#######.........
#.# ##.#.#.... #.#
#.#.#.... ##.## #
#.....# #...#
#.###.. #.@§# #.#
##. #.§§# #.####.
#§### #...... #v#
#...... #o#
#.####) #o# #. #)
#.# #. #(. #. ###
#.


You could see an orc priest and an orc.


Message History

Firing (i - inventory)
e - 143 stones (quivered)
Press: ? - help, Shift-Dir - straight line, f - orc
Aim: an orc, wielding a +2 mace of holy wrath You shoot a stone.
The stone barely misses the orc.
The foxfire hits the orc.
The orc is almost dead.
The foxfire hits the orc.
You kill the orc!
An orc priest comes into view.
You see here a sedimented inky potion.
Casting: Foxfire (safe; 1% risk of failure)
Confirm with . or Enter, or press ? or * to list all spells.
You conjure some foxfire!
The foxfire hits the orc priest.
The orc priest is lightly wounded.
An orc comes into view. It is wielding a +0 falchion.
The orc priest mumbles some strange prayers to Beogh against you.
Pain shoots through your body!
Your foxfire dissipates!
The orc priest calls down the wrath of Beogh upon you.
Beogh smites you!
* * * LOW HITPOINT WARNING * * *
You see here a short sword.
Casting: Foxfire (safe; 1% risk of failure)
Confirm with . or Enter, or press ? or * to list all spells.
You conjure some foxfire!
The foxfire hits the orc priest.
The orc priest is heavily wounded.
The orc priest calls down the wrath of Beogh upon you.
Beogh smites you!
You die...

Skill      XL: |  1  2  3  4  5  6 |
---------------+-------------------+-----
Conjurations   | 2 3 4 |  4.4
Fire Magic     | 4 5 |  5.4
Spellcasting   | 4 5 |  5.0
Dodging        | |  2.4
Stealth        | |  2.4

Action                   |  1- 3 |  4- 6 || total
-------------------------+-------+-------++-------
Melee: Unarmed           |     3 |       ||     3
       Whip              |    20 |       ||    20
 Fire: Hunting sling     |    25 |    39 ||    64
 Cast: Foxfire           |    68 |    52 ||   120
       Sticky Flame      |       |     1 ||     1
  Use: Scroll            |       |     2 ||     2
  Eat: Chunk             |     1 |     5 ||     6
Armor: Robe              |     9 |     9 ||    18
Dodge: Dodged            |    45 |    20 ||    65

Levels and vault maps discovered:
D:1:      enne_arrival_octagon_isle, layout_basic
D:2:      layout_loops_ring, minitemple, fedhas_altar_4, uniq_sigmund
D:3:      corexii_shack_village, layout_loops_ring, uniq_crazy_yiuf_cottage,
          uniq_terence
D:4:      layout_loops_ring, serial_shops, shop, first_ration

Notes
Turn   | Place    | Note
-------+----------+-------------------------------------------
     0 | D:1      | AIAndy the Deep Elf Fire Elementalist began the quest for
                  | the Orb.
     0 | D:1      | Reached XP level 1. HP: 10/10 MP: 6/6
   134 | D:1      | Reached XP level 2. HP: 15/15 MP: 4/8
   217 | D:1      | Reached skill level 2 in Conjurations
   438 | D:1      | Reached skill level 4 in Fire Magic
   616 | D:1      | Reached XP level 3. HP: 19/19 MP: 7/9
   782 | D:2      | Identified a +0 robe of resistance
   782 | D:2      | Noticed Sigmund
   918 | D:3      | Learned a level 3 spell: Conjure Flame
  1192 | D:3      | Reached XP level 4. HP: 17/24 MP: 6/11
  1201 | D:3      | Learned a level 4 spell: Sticky Flame
  1216 | D:3      | Reached skill level 3 in Conjurations
  1473 | D:3      | Noticed Terence
  1651 | D:4      | HP: 2/24 [poisoned by an adder]
  1760 | D:4      | Reached skill level 4 in Spellcasting
  1760 | D:4      | Reached XP level 5. HP: 11/28 MP: 6/13
  2080 | D:4      | Reached skill level 5 in Fire Magic
  2345 | D:4      | Noticed an ogre
  2378 | D:4      | Killed an ogre
  2378 | D:4      | Reached skill level 4 in Conjurations
  2378 | D:4      | Reached XP level 6. HP: 28/32 MP: 10/15
  2385 | D:4      | Learned a level 5 spell: Fireball
  2409 | D:4      | Found Silif's Magic Scroll Shoppe.
  2418 | D:4      | Bought a scroll of noise for 13 gold pieces
  2418 | D:4      | Bought a scroll of amnesia for 45 gold pieces
  2418 | D:4      | Bought a scroll of fog for 26 gold pieces
  2418 | D:4      | Bought a scroll of teleportation for 39 gold pieces
  2418 | D:4      | Bought a scroll of identify for 26 gold pieces
  2457 | D:4      | Reached skill level 5 in Spellcasting
  2777 | D:4      | Killed from afar by an orc priest

Vanquished Creatures
  An ogre (D:4)
  A howler monkey (D:4)
  A centaur skeleton (D:4)
  2 iguanas (D:4)
  5 adders
  2 oozes
  A dart slug (D:2)
  2 worms
  A leopard gecko (D:3)
  8 orcs
  3 bats (D:1)
  5 giant cockroaches
  10 goblins
  7 hobgoblins
  2 jackals (D:1)
  3 quokkas
  4 frilled lizards
  6 kobolds
  9 rats
73 creatures vanquished.

Vanquished Creatures (others)
  178 foxfires
178 creatures vanquished.

Grand Total: 251 creatures vanquished

Table legend:
 A = Turns spent in this place as a percentage of turns spent in the entire game.
 B = Non-inter-level travel turns spent in this place as a percentage of non-inter-level travel turns spent in the entire game.
 C = Inter-level travel turns spent in this place as a percentage of turns spent in this place.
 D = Turns resting spent in this place as a percentage of non-inter-level travel turns spent in this place.
 E = Turns spent auto-exploring this place as a percentage of non-inter-level travel turns spent in this place.
 F = Non-inter-level travel turns spent in this place divided by the number of levels of this place that you've seen.
                   A       B       C       D       E      F
               +-------+-------+-------+-------+-------+----------------------
         Total | 100.0 | 100.0 |   1.6 |  31.9 |  46.6 | 683.0
       Dungeon | 100.0 | 100.0 |   1.6 |  31.9 |  46.6 | 683.0
               +-------+-------+-------+-------+-------+----------------------

Table legend:
 A = Non-vault XP
 B = Vault XP
 C = Vault XP percentage of total XP
 D = Non-vault monster count
 E = Vault monster count
 F = Vault count percentage of total count
                 A         B        C        D         E       F
            +---------+---------+-------+---------+---------+-------
      Total |     475 |      15 |   3.1 |      65 |       8 |  11.0
            +---------+---------+-------+---------+---------+-------
        D:1 |      42 |       0 |   0.0 |      28 |       0 |   0.0
        D:2 |       4 |       0 |   0.0 |       1 |       0 |   0.0
        D:3 |      73 |      15 |  17.0 |      17 |       8 |  32.0
        D:4 |     356 |       0 |   0.0 |      19 |       0 |   0.0
            +---------+---------+-------+---------+---------+-------
